Map: Prion Terraces

Players

Miszu - Winner!

  • Race: Terran Terran
  • League: Master

MorDka

  • Race: Protoss Protoss
  • League: Master

VOD

Have the link to the VOD?

Description

Time

  • Played on: March 18, 2016, 3:26 p.m.
  • Length: 8:15
Show
View Real Time Build Order
Export as new Build Order

Miszu Terran - Winner!

Build Orders: Command Center First (CC), MMM Bio 

Get SALT Encoding   

  12  0:00  SCV  
  13  0:12  SCV  
  14  0:17  Supply Depot  
  14  0:24  SCV  
  15  0:39  SCV  
  16  0:51  SCV  
  17  1:00  Command Center  
  17  1:03  SCV  
  18  1:15  SCV  
  18  1:16  Barracks  
  19  1:28  SCV  
  19  1:29  Barracks  
  20  1:40  SCV  
  20  1:44  Barracks  
  21  1:52  SCV  
  22  2:05  Marine, Orbital Command  
  23  2:12  Orbital Command  
  23  2:18  Marine  
  24  2:23  Marine  
  25  2:31  SCV  
  25  2:32  Refinery x2, Marine  
  27  2:37  Marine  
  27  2:39  SCV  
  27  2:42  Supply Depot  
  29  2:46  SCV  
  29  2:51  Marine, SCV  
  31  2:52  Marine  
  31  2:56  Marine  
  35  2:58  SCV  
  35  3:03  SCV  
  35  3:05  Supply Depot  
  36  3:09  Marine, Barracks Tech Lab  
  36  3:10  SCV  
  38  3:14  Marine  
  38  3:15  SCV  
  40  3:22  SCV  
  41  3:27  Marine, SCV  
  41  3:29  Marine, Stimpack  
  41  3:32  Marine  
  41  3:33  Supply Depot  
  45  3:35  SCV  
  45  3:39  SCV  
  47  3:45  Marine  
  47  3:47  SCV  
  49  3:53  Marine x2  
  49  3:54  SCV  
  49  3:55  Factory  
  52  3:57  Engineering Bay  
  52  3:59  SCV  
  53  4:03  Marine  
  53  4:06  SCV  
  55  4:10  Supply Depot  
  55  4:11  Refinery, Marine x2, SCV  
  58  4:18  SCV  
  58  4:21  Marine  
  58  4:23  Terran Infantry Weapons Level 1, SCV  
  61  4:27  Supply Depot  
  61  4:28  Supply Depot  
  61  4:30  Barracks Reactor, Marine  
  62  4:32  SCV  
  62  4:35  SCV  
  62  4:36  Missile Turret  
  64  4:40  Missile Turret  
  64  4:44  SCV, Factory Reactor  
  65  4:45  Starport  
  65  4:47  SCV  
  65  4:48  Barracks Tech Lab, Marauder  
  68  4:59  Supply Depot  
  70  5:01  Supply Depot  
  68  5:08  Marauder, Marine x2, Barracks  
  68  5:10  Barracks, Marauder  
  74  5:17  Refinery  
  74  5:25  Supply Depot  
  74  5:26  Marine x2  
  76  5:29  Marauder  
  76  5:30  Concussive Shells  
  76  5:31  Marauder  
  76  5:32  Factory Reactor  
  80  5:37  Medivac x2  
  80  5:41  Supply Depot  
  80  5:42  Supply Depot  
  84  5:44  Marine x2  
  84  5:49  Combat Shields  
  86  5:51  Marauder  
  86  5:52  Marine  
  89  6:00  Barracks Reactor  
  89  6:02  Marine  
  90  6:08  Medivac  
  90  6:10  Marauder  
  94  6:12  Marauder  
  94  6:13  Marine  
  94  6:14  Marine  
  94  6:15  Marine  
  94  6:16  Command Center  
  99  6:19  Marine  
  100  6:31  Marine  
  100  6:32  Engineering Bay, Marauder  
  103  6:33  Marine, Marauder  
  103  6:34  Armory  
  103  6:39  Marine  
  107  6:40  Marine  
  103  6:53  Marauder  
  105  6:54  Medivac  
  105  6:55  Marauder  
  105  6:58  Marine  
  105  7:00  Marine  
  108  7:04  Marine  
  108  7:05  Marine x2  
  108  7:07  Medivac  
  113  7:14  Marauder  
  113  7:16  Marine x2, Marauder  
  113  7:18  Marine  
  118  7:24  Marine  
  118  7:26  Marine  
  118  7:31  Marine  
  118  7:36  Marine x2, Marauder  
  119  7:37  Medivac  
  119  7:38  Medivac, Marauder  
  119  7:42  Orbital Command  
  125  7:50  Marine x2  
  127  7:53  Marine  
  130  8:01  Supply Depot  
  130  8:04  Supply Depot  
Show
View Real Time Build Order
Export as new Build Order

MorDka Protoss 

Build Orders: Oracle Opening 

Get SALT Encoding   

  12  0:01  Probe (Chrono Boost)  
  13  0:12  Probe (Chrono Boost)  
  14  0:19  Pylon  
  14  0:22  Probe (Chrono Boost)  
  15  0:37  Gateway, Probe (Chrono Boost)  
  16  0:43  Assimilator  
  16  0:48  Probe (Chrono Boost)  
  17  0:59  Probe (Chrono Boost)  
  19  1:11  Probe (Chrono Boost)  
  19  1:26  Cybernetics Core  
  19  1:27  Probe (Chrono Boost)  
  20  1:33  Pylon  
  20  1:45  Probe (Chrono Boost)  
  20  1:46  Nexus  
  21  1:56  Probe (Chrono Boost)  
  21  1:57  Assimilator  
  22  2:07  Mothership Core (Chrono Boost)  
  24  2:11  Adept  
  26  2:24  Warp Gate (Chrono Boost)  
  26  2:25  Probe (Chrono Boost)  
  27  2:37  Probe  
  28  2:49  Probe  
  29  2:54  Stargate, Gateway  
  29  2:57  Gateway  
  29  2:58  Probe  
  29  3:04  Probe  
  31  3:10  Probe  
  32  3:16  Probe  
  33  3:20  Probe  
  34  3:28  Probe  
  34  3:31  Probe  
  36  3:35  Nexus  
  36  3:36  Oracle (Chrono Boost)  
  39  3:42  Probe  
  39  3:45  Pylon  
  39  3:47  Probe  
  41  3:54  Probe  
  42  3:59  Probe  
  42  4:00  Twilight Council  
  42  4:02  Forge  
  43  4:08  Probe  
  44  4:16  Stalker x3  
  50  4:21  Probe  
  50  4:23  Probe  
  52  4:25  Protoss Ground Weapons Level 1, Assimilator  
  52  4:28  Assimilator  
  52  4:32  Pylon  
  52  4:33  Probe  
  53  4:39  Probe  
  54  4:46  Probe x2  
  54  4:50  Blink (Chrono Boost)  
  54  4:51  Probe  
  57  4:57  Probe  
  57  4:58  Probe  
  59  5:00  Pylon, Stalker  
  59  5:03  Stalker, Probe  
  59  5:05  Adept  
  66  5:07  Probe  
  66  5:11  Probe  
  68  5:16  Probe  
  68  5:18  Probe  
  70  5:27  Robotics Facility  
  70  5:29  Gateway, Probe  
  70  5:30  Gateway  
  71  5:37  Pylon, Stalker x2  
  71  5:38  Probe  
  76  5:49  Gateway  
  76  5:50  Gateway  
  76  5:52  Stalker  
  78  5:57  Pylon  
  78  5:59  Oracle  
  78  6:01  Stalker x2  
  82  6:08  Gateway x2  
  82  6:10  Protoss Ground Armor Level 1  
  82  6:12  Gateway  
  82  6:14  Gateway  
  82  6:17  Warp Prism (Chrono Boost)  
  84  6:26  Stalker x2, Resonating Glaives  
  88  6:33  Stalker  
  88  6:37  Pylon  
  88  6:39  Pylon  
  82  6:48  Adept x2  
  82  6:53  Pylon  
  74  7:04  Stalker x2  
  74  7:05  Stalker  
  72  7:17  Robotics Facility  
  72  7:19  Stalker x2  
  72  7:20  Stalker x3  
  72  7:21  Stalker  
  71  7:37  Stalker x2  
  71  7:38  Stalker  
  71  7:43  Stalker x2  
  81  7:45  Adept  
  83  7:59  Nexus  
Tags
 
Add a new tag
Caveats
  • Supply blocks, unpowered buildings, or Contaminate may cause inaccurate times.
  • Supply counts are checked every 10 seconds.